AoeStats
← karft2001

Arabia

509966493Analyzed
1v1 RM · 4d ago on Sep 28, 2026· 78m 1s· 2 players
Game mode
Random Map
Map size
Tiny (2 player)
Population
200
Speed
Normal
Resources
Standard
Victory
Conquest
Starting age
Dark Age
Ending age
Imperial Age
RankedLock teamsTeams togetherTeam positionsShared explorationLock speedFull tech treeHidden civsTurbo modeCheats
Victory
Defeat
🇩🇰 Khmer · Denmark
372
+16
🇪🇸 Slavs · Spain
362
-16
karft2001
10:19 Feudal Age
11:08 Double-Bit Axe
11:07 Horse Collar
15:26 Wheelbarrow
19:49 Forging
19:45 Scale Barding Armor
20:00 Gold Mining
20:07 Stone Mining
22:51 Castle Age
21:47 Bloodlines
23:19 Scale Mail Armor
24:09 Gold Shaft Mining
23:47 Bow Saw
23:41 Heavy Plow
24:07 Chain Barding Armor
24:22 Iron Casting
23:52 Husbandry
24:58 Hand Cart
31:06 Pikeman
38:41 Imperial Age
36:50 Detinets
40:17 Loom
40:19 Town Watch
41:46 Two-Man Saw
41:23 Crop Rotation
43:09 Blast Furnace
42:45 Plate Barding Armor
43:11 Conscription
43:33 Hoardings
42:19 Elite Boyar
43:53 Town Patrol
46:49 Siege Engineers
46:55 Masonry
46:56 Fortified Wall
47:08 Ballistics
47:48 Chemistry
46:46 Murder Holes
Rammer
0:42 Loom
13:18 Feudal Age
13:41 Horse Collar
14:48 Town Watch
15:40 Wheelbarrow
18:56 Arson
20:02 Gold Mining
20:02 Double-Bit Axe
20:47 Stone Mining
25:59 Forging
28:23 Castle Age
26:37 Scale Mail Armor
27:42 Padded Archer Armor
27:33 Fletching
27:49 Scale Barding Armor
29:41 Bow Saw
29:23 Elite Skirmisher
29:26 Pikeman
30:25 Heavy Plow
32:38 Leather Archer Armor
33:39 Gold Shaft Mining
33:40 Stone Shaft Mining
33:34 Murder Holes
34:00 Chain Mail Armor
35:06 Iron Casting
34:44 Bodkin Arrow
36:17 Chain Barding Armor
37:51 Siphons
38:08 Ballistics
37:38 Heated Shot
42:51 Imperial Age
40:43 Masonry
40:24 Guard Tower
42:02 Fortified Wall
42:54 Tusk Swords
44:16 Town Patrol
45:38 Blast Furnace
45:09 Ring Archer Armor
45:22 Conscription
45:42 Plate Barding Armor
46:11 Crop Rotation
46:01 Sappers
47:27 Bracer
48:33 Chemistry
48:02 Halberdier
49:50 Hoardings
50:52 Architecture
51:01 Elite Battle Elephant
52:30 Siege Engineers
53:50 Elite Ballista Elephant
58:40 Double Crossbow
Connection lost

Rejoining the realm…

Still unreachable

The connection could not be restored.

Session expired

The server has moved on; the page needs a fresh start.